 Dungeon Crawl Stone Soup version 0.27-a0-909-g0721f309d1 (webtiles) character file.

Game seed: 15111779906101847228

2064 jestyr24 the Shield-Bearer (level 9, -1/63 HPs)
             Began as a Demonspawn Hedge Wizard on Apr 8, 2021.
             Was a Follower of Dithmenos.
             Engulfed by a steam dragon's steam (9 damage)
             ... on level 7 of the Dungeon.
             The game lasted 00:37:51 (9492 turns).

jestyr24 the Shield-Bearer (DsWz)                   Turns: 9492, Time: 00:37:52

Health: -1/63      AC:  3    Str: 13    XL:     9   Next: 5%
Magic:  14/15      EV: 10    Int: 18    God:    Dithmenos [*.....]
Gold:   368        SH: 16    Dex: 13    Spells: 10/16 levels left

rFire    . . .     SeeInvis .   o - +0 dagger (venom)
rCold    . . .     Faith    .   y - +2 kite shield
rNeg     . . .     Spirit   .   b - +0 robe
rPois    .         Reflect  .   c - +0 hat
rElec    .         Harm     .   (no cloak)
rCorr    .         Rampage  .   x - +0 pair of gloves
Will     .....     Clarity  +   (no boots)
Stlth    +++.......             h - amulet of magic regeneration
HPRegen  0.20/turn              d - ring of wizardry
MPRegen  0.39/turn              (no ring)

@: wreathed by umbra
A: horns 2, large bone plates 1, demonic magic 2, clarity, screaming 1, strong 1
a: Renounce Religion


You were on level 7 of the Dungeon.
You worshipped Dithmenos.
Dithmenos was aware of your devotion.
You visited 2 branches of the dungeon, and saw 8 of its levels.

You collected 368 gold pieces.

Inventory:

Hand Weapons
 a - a +0 dagger
 e - a +0 mace
 o - a +0 dagger of venom (weapon)
 B - a +0 rapier
Missiles
 i - 12 poisoned darts
 p - 4 boomerangs of dispersal
 u - a throwing net
 D - 2 boomerangs
Armour
 b - a +0 robe (worn)
 c - a +0 hat (worn)
 x - a +0 pair of gloves (worn)
 y - a +2 kite shield (worn)
Jewellery
 d - a ring of wizardry (left hand)
 h - an amulet of magic regeneration (around neck)
Wands
 q - a wand of flame (8)
 z - a wand of charming (6)
 A - a wand of acid (5)
Scrolls
 k - a scroll of enchant weapon {unknown}
 m - a scroll of teleportation
 n - a scroll of summoning {unknown}
 t - 3 scrolls of immolation
 v - a scroll of enchant armour {unknown}
 C - a scroll of brand weapon {unknown}
Potions
 f - a potion of heal wounds {unknown}
 g - 3 potions of curing {unknown}
 j - a potion of brilliance {unknown}
 l - 2 potions of haste
 r - 2 potions of lignification {unknown}
 s - a potion of attraction {unknown}
 w - a potion of cancellation {unknown}


   Skills:
 - Level 3.1 Fighting
 - Level 2.2 Short Blades
 - Level 2.1 Dodging
 - Level 5.3 Stealth
 + Level 6.4 Shields
 - Level 4.0 Spellcasting
 - Level 2.2 Conjurations
 - Level 5.0 Hexes
 - Level 1.0 Summonings
 - Level 0.8 Translocations


You had 10 spell levels left.
You knew the following spells:

 Your Spells              Type           Power      Damage    Failure   Level
a - Magic Dart            Conj           44%        1d5       8%          1
b - Confusing Touch       Hex            21%        N/A       7%          3
c - Blink                 Tloc           N/A        N/A       19%         2

Your spell library contained the following spells:

 Spells                   Type           Power      Damage    Failure   Level
 Corona                   Hex            23%        N/A       2%          1
 Slow                     Hex            21%        N/A       3%          2
 Tukima's Dance           Hex            21%        N/A       7%          3
 Ensorcelled Hibernation  Hex/Ice        24%        N/A       10%         2
 Apportation              Tloc           12%        N/A       12%         1
 Summon Small Mammal      Summ           28%        N/A       12%         1
 Dazzling Flash           Conj/Hex       32%        N/A       12%         3
 Summon Guardian Golem    Hex/Summ       14%        N/A       16%         3
 Animate Skeleton         Necr           6%         N/A       17%         1
 Call Imp                 Summ           7%         N/A       17%         2
 Call Canine Familiar     Summ           7%         N/A       32%         3
 Conjure Flame            Conj/Fire      7%         6-21      32%         3
 Mephitic Cloud           Conj/Pois/Air  6%         N/A       36%         3
 Summon Ice Beast         Ice/Summ       5%         N/A       77%         4
 Summon Lightning Spire   Summ/Air       5%         N/A       77%         4


Dungeon Overview and Level Annotations

Branches:
Dungeon (7/15)             Temple (1/1) D:4

Altars:
Dithmenos
Makhleb
Okawaru
Qazlal
Trog
Vehumet
Wu Jian
Xom
Yredelemnul

Shops:
D:1 (   D:2 (   D:4 =

Annotations:
D:6 2 runed translucent doors, 12572944's ghost, novice MiFi


Innate Abilities, Weirdness & Mutations

You have a pair of horns on your head.
You are partially covered in large bone plates. (SH +4)
Spells you cast may paralyse nearby enemies.
You possess an exceptional clarity of mind.
You occasionally shout uncontrollably at your foes.
Your muscles are strong. (Str +2)


Message History

The magic dart hits the gnoll.
The gnoll is lightly wounded.
Malevolent energies surge around you.
The steam dragon hisses angrily.
You block the gnoll's attack.
You hit the gnoll but do no damage.
The gnoll is lightly wounded.
The gnoll hits you with a +0 spear. The steam dragon bites you!
The steam dragon claws you but does no damage.
The magic dart hits the gnoll.
The gnoll is heavily wounded.
Malevolent energies surge around you.
The gnoll suddenly stops moving!
The steam dragon bites you. The steam dragon claws you.
The helpless gnoll fails to defend itself.
You impale the gnoll!!
You kill the gnoll!
Dithmenos accepts your kill.
You are shrouded in an aura of darkness!
The steam dragon breathes steam at you. The ball of steam hits you!
You hear a shout! x2
The magic dart hits the steam dragon.
The steam dragon is lightly wounded.
Malevolent energies surge around you.
You are engulfed in a cloud of scalding steam.
The steam dragon breathes steam at you. The ball of steam hits you!
You barely miss the steam dragon.
The steam dragon is lightly wounded.
You are engulfed in a cloud of scalding steam.
* * * LOW HITPOINT WARNING * * *
The steam dragon bites you.
* * * LOW HITPOINT WARNING * * *
You block the steam dragon's attack. The steam dragon breathes steam at you.
The ball of steam hits you.
* * * LOW HITPOINT WARNING * * *
You hear a shout!
You are engulfed in a cloud of scalding steam.
You die...

#g..## #.... #...#
#...# #.####.####
#..?...D)#
##.##.##§#######..
#..#.##§.........
#....§@#######.
#..####§§#
.......§#
<........#
(####.###.# #. #.#
# #.# #.. ###


You could see a steam dragon (catching breath).

Vanquished Creatures
  A wraith (D:6)
  A water moccasin (D:6)
  2 orc warriors
  A black bear (D:5)
  A hornet zombie (D:7)
  A sky beast (D:6)
  A necrophage (D:5)
  A phantom (D:5)
  A bullfrog (D:6)
  2 scorpions (D:6)
  A water moccasin skeleton (D:5)
  A howler monkey (D:5)
  A bullfrog zombie (D:5)
  A centaur zombie (D:5)
  A centaur skeleton (D:2)
  7 hounds
  3 orc priests
  3 iguanas (D:4)
  4 orc wizards
  A hound zombie (D:5)
  A hound skeleton (D:4)
  A howler monkey zombie (D:6)
  Robin (D:4)
  6 gnolls
  A howler monkey skeleton (D:4)
  6 adders
  A white imp (D:5)
  2 ufetubi
  An adder skeleton (D:4)
  A worm (D:4)
  3 dart slugs
  19 orcs
  6 bats
  11 endoplasms
  6 giant cockroaches
  16 goblins
  10 hobgoblins
  4 jackals
  3 quokkas
  6 ball pythons
  A frilled lizard (D:1)
  6 kobolds
  7 rats
154 creatures vanquished.

Notes
Turn   | Place    | Note
-------+----------+-------------------------------------------
     0 | D:1      | jestyr24 the Demonspawn Hedge Wizard began the quest for
                  | the Orb.
     0 | D:1      | Reached XP level 1. HP: 13/13 MP: 4/4
   188 | D:1      | Found Voisch's Weapon Emporium.
   281 | D:1      | Gained mutation: Spells you cast may paralyse adjacent
                  | enemies. [demonic ancestry]
   281 | D:1      | Reached XP level 2. HP: 13/19 MP: 0/6
  1621 | D:2      | Gained mutation: Spells you cast may paralyse nearby
                  | enemies. [demonic ancestry]
  1621 | D:2      | Reached XP level 3. HP: 18/25 MP: 5/7
  1945 | D:2      | Found Hath's Weapon Boutique.
  1959 | D:2      | Reached skill level 1 in Fighting
  1959 | D:2      | Gained mutation: You are partially covered in large bone
                  | plates. (SH +4) [demonic ancestry]
  1959 | D:2      | Reached XP level 4. HP: 24/32 MP: 6/9
  2155 | D:2      | Found a faded altar of an unknown god.
  2745 | D:3      | Reached skill level 1 in Short Blades
  3239 | D:3      | Reached XP level 5. HP: 37/37 MP: 6/10
  4362 | D:4      | Noticed Robin
  4471 | D:4      | Killed Robin
  4472 | D:4      | Gained mutation: You have a pair of small horns on your
                  | head. [demonic ancestry]
  4472 | D:4      | Reached XP level 6. HP: 16/44 MP: 5/11
  5013 | D:4      | Found Koric's Jewellery Shop.
  5211 | D:4      | Found an iron altar of Okawaru.
  5415 | D:4      | Found a staircase to the Ecumenical Temple.
  5434 | Temple   | Entered the Ecumenical Temple
  5438 | Temple   | Became a worshipper of Dithmenos the Shadowed
  5798 | D:4      | Gained mutation: You are weak. (Str -2) [potion of
                  | mutation]
  5798 | D:4      | Gained mutation: Your spells are a little harder to cast,
                  | but a little more powerful. [potion of mutation]
  5798 | D:4      | Lost mutation: Your spells are a little harder to cast, but
                  | a little more powerful. [potion of mutation]
  5798 | D:4      | Gained mutation: Your mind is acute. (Int +2) [potion of
                  | mutation]
  5799 | D:4      | Lost mutation: You are weak. (Str -2) [potion of mutation]
  5799 | D:4      | Lost mutation: Your mind is acute. (Int +2) [potion of
                  | mutation]
  5799 | D:4      | Gained mutation: Your muscles are strong. (Str +2) [potion
                  | of mutation]
  5799 | D:4      | Gained mutation: You occasionally shout uncontrollably at
                  | your foes. [potion of mutation]
  5799 | D:4      | Gained mutation: You possess an exceptional clarity of
                  | mind. [potion of mutation]
  5799 | D:4      | Gained mutation: You have a pair of horns on your head.
                  | [potion of mutation]
  6477 | D:5      | Entered Level 5 of the Dungeon
  6489 | D:5      | Reached skill level 5 in Stealth
  6493 | D:5      | Mutation became permanent: You have a pair of small horns
                  | on your head. [demonic ancestry]
  6493 | D:5      | Gained mutation: You have a pair of horns on your head.
                  | [demonic ancestry]
  6493 | D:5      | Reached XP level 7. HP: 37/51 MP: 8/12
  6644 | D:4      | Learned a level 3 spell: Confusing Touch
  6683 | D:5      | Reached skill level 1 in Hexes
  7348 | D:5      | Reached skill level 5 in Hexes
  7348 | D:5      | Reached XP level 8. HP: 49/58 MP: 11/13
  7738 | D:6      | Found a runed translucent door.
  7743 | D:6      | Noticed 12572944's ghost (novice MiFi)
  7762 | D:6      | Reached skill level 1 in Shields
  8026 | D:6      | Found a runed translucent door.
  8120 | D:6      | Reached skill level 2 in Shields
  8207 | D:6      | Reached skill level 3 in Shields
  8540 | D:6      | Reached skill level 4 in Shields
  8704 | D:6      | Reached skill level 5 in Shields
  9257 | D:6      | Found a bloodstained altar of Trog.
  9257 | D:6      | Found a basalt altar of Yredelemnul.
  9305 | D:6      | Reached skill level 6 in Shields
  9383 | D:6      | Learned a level 2 spell: Blink
  9481 | D:7      | Reached XP level 9. HP: 63/63 MP: 13/15
  9488 | D:7      | Reached * piety under Dithmenos
  9492 | D:7      | Engulfed by a steam dragon's steam

Illustrated notes

Levels and vault maps discovered:
D:1:      amcnicky_arrival_abandoned_market, layout_basic, serial_shops,
          nicolae_shop_waterfront
D:2:      layout_rooms, serial_shops, shop, basic_ecumenical_altar
D:3:      layout_basic
D:4:      layout_layer_cave, kennysheep_mini_moat, minmay_temple_entry_arrows,
          minmay_shop_enchanted_jewellery, uniq_robin
D:5:      layout_cave_pools
D:6:      layout_rooms, gammafunk_temple_overflow_elements,
          ebering_ghost_sewer_f, minmay_statues_item, minmay_misc_feat_plants
D:7:      layout_loops_cross, lemuel_doored_altar, kennysheep_little_box,
          grunt_decor_mini_mirrors, dk_vineyard_1, uniq_menkaure
Temple:   compressed_dpeg_circular_temple

Skill      XL: |  1  2  3  4  5  6  7  8 |
---------------+-------------------------+-----
Stealth        | 2 3 4 5 |  5.3
Fighting       | 1 2 3 |  3.1
Short Blades   | 1 2 |  2.2
Dodging        | 2 |  2.1
Conjurations   | 2 |  2.2
Hexes          | 5 |  5.0
Spellcasting   | 4 |  4.0
Shields        | 6 |  6.4
Summonings     | |  1.0
Translocations | |  0.8

Action                   |  1- 3 |  4- 6 |  7- 9 || total
-------------------------+-------+-------+-------++-------
Melee: Dagger            |    28 |    98 |    99 ||   225
       Headbutt          |       |     3 |    15 ||    18
 Cast: Magic Dart        |    43 |   151 |    79 ||   273
       Confusing Touch   |       |       |     1 ||     1
  Use: Scroll            |       |     4 |     1 ||     5
       Potion            |       |     2 |       ||     2
 Stab: Paralysed         |    13 |    54 |    48 ||   115
       Sleeping          |     3 |     2 |     3 ||     8
Armor: Robe              |     2 |    17 |    10 ||    29
Dodge: Dodged            |    12 |    68 |    36 ||   116
Block: Other             |       |    13 |     4 ||    17
       Kite shield       |       |       |    36 ||    36

Table legend: (Time is in decaauts)
 A = Elapsed time spent in this place.
 B = Non-inter-level travel time spent in this place.
 C = Inter-level travel time spent in this place.
 D = Time resting spent in this place.
 E = Time spent auto-exploring this place.
 F = Levels seen in this place.
 G = Mean time per level.
                   A        B        C        D        E       F      G
               +--------+--------+--------+--------+--------+-----+--------+
         Total |   9500 |   9194 |    306 |   3552 |   4074 |   8 | 1187.5 |
       Dungeon |   9482 |   9176 |    306 |   3552 |   4068 |   7 | 1354.6 |
        Temple |     17 |     17 |      0 |      0 |      6 |   1 |   17.0 |
               +--------+--------+--------+--------+--------+-----+--------+

Top non-repeatable levels by time:
     D:4: 2658 daAuts
     D:1: 1842 daAuts
     D:6: 1765 daAuts
     D:3: 1605 daAuts
     D:2: 800 daAuts
     D:5: 771 daAuts
     D:7: 38 daAuts
  Temple: 17 daAuts
